 Dungeon Crawl Stone Soup version 0.21.0-3-g78d12a8 (webtiles) character file.

6422 dohliylev the Covert (level 10, -5/74 HPs)
             Began as a Vampire Enchanter on Jan 8, 2018.
             Was a Follower of Makhleb.
             Slain by Gastronok (30 damage)
             ... on level 9 of the Dungeon.
             The game lasted 00:48:42 (9430 turns).

dohliylev the Covert (Vampire Enchanter)            Turns: 9430, Time: 00:48:43

Health: -5/74      AC:  8    Str:  9    XL:     10   Next: 66%
Magic:  0/14       EV: 19    Int: 22    God:    Makhleb [*.....]
Gold:   382        SH:  6    Dex: 19    Spells: 7/13 levels left

rFire    + . .     SeeInvis +   u - +4 short sword
rCold    . . .     Gourm    .   G - +0 buckler
rNeg     + + .     Faith    +   A - +2 robe {MR+}
rPois    +         Spirit   +   r - +0 helmet
rElec    .         Reflect  .   x - scarf {Spirit}
rCorr    .         Harm     .   (no gloves)
MR       ++...                  C - +2 pair of boots
Stlth    ++++++....             g - amulet of faith
HPRegen  0.11/turn              j - ring of fire
MPRegen  0.14/turn              H - +5 ring of dexterity

@: about to teleport, regenerating slowly
A: fangs 3, see invisible, mutation resistance 1, strong 1, unbreathing
a: Bat Form, Renounce Religion


You were on level 9 of the Dungeon.
You worshipped Makhleb.
Makhleb was aware of your devotion.
You were thirsty.

You visited 2 branches of the dungeon, and saw 11 of its levels.
You also visited: Sewer.

You collected 496 gold pieces.
You spent 114 gold pieces at shops.

Inventory:

Hand Weapons
 u - a +4 short sword (weapon)
Armour
 m - a +2 robe of resistance
 r - a +0 helmet (worn)
 x - a scarf of spirit shield (worn)
 A - a +2 robe of magic resistance (worn)
 C - a +2 pair of boots (worn)
 D - +0 steam dragon scales
 G - a +0 buckler (worn)
Jewellery
 g - an amulet of faith (around neck)
 j - a ring of fire (left hand)
 k - an uncursed amulet of magic regeneration
 H - a +5 ring of dexterity (right hand)
Wands
 l - a wand of digging (14)
 F - a wand of random effects (22)
Scrolls
 a - a scroll of vulnerability {unknown}
 e - 7 scrolls of teleportation
 f - a scroll of acquirement {unknown}
 i - 4 scrolls of remove curse
 o - a scroll of fear
 q - 2 scrolls of magic mapping
 v - 2 scrolls of fog {unknown}
 y - 3 scrolls of amnesia
 B - 2 scrolls of enchant weapon
 E - a scroll of enchant armour {unknown}
 I - a scroll of identify
Potions
 b - a potion of berserk rage {unknown}
 d - 7 potions of blood
 h - 2 potions of flight {unknown}
 n - 3 potions of magic
 p - 3 potions of brilliance {unknown}
 s - 5 potions of heal wounds {unknown}
 t - 2 potions of haste {unknown}
 z - 2 potions of cancellation {unknown}
Books
 c - a book of Maledictions

   Spells                             Type                      Level
   a - Corona                         Hexes                        1
   b - Ensorcelled Hibernation        Hexes/Ice                    2
   c - Confuse                        Hexes                        3
   d - Tukima's Dance                 Hexes                        3
   e - Dazzling Spray                 Conjuration/Hexes            3


   Skills:
 - Level 5.2 Fighting
 - Level 5.1 Short Blades
 + Level 8.1 Dodging
 - Level 11.7 Stealth
 - Level 4.2 Shields
 - Level 2.0 Spellcasting
 - Level 9.2 Hexes
 - Level 0.4 Ice Magic
 - Level 6.4 Invocations


You had 7 spell levels left.
You knew the following spells:

 Your Spells              Type           Power        Failure   Level  Hunger
a - Corona                Hex            #####..      1%          1    #......
b - Ensorcelled Hibernat  Hex/Ice        ###...       2%          2    ##.....
c - Confuse               Hex            #####...     1%          3    ###....


Dungeon Overview and Level Annotations

Branches:
Dungeon (10/15)            Temple (1/1) D:5
   Lair: D:8-11         Orc: D:9-12

Altars:
Ashenzari
Cheibriados
Dithmenos
Elyvilon
Fedhas
Gozag
Hepliaklqana
Kikubaaqudgha
Makhleb
Nemelex Xobeh
Okawaru
Qazlal
Ru
Sif Muna
Trog
Uskayaw
Vehumet
Wu Jian
Xom
Yredelemnul
Zin
The Shining One

Shops:
D:5 ([(!?   D:8 %

Annotations:
D:9 Gastronok, Grum, Joseph


Innate Abilities, Weirdness & Mutations

You heal slowly.
You have razor-sharp teeth.
You have supernaturally acute eyesight. (SInv)
You can survive without breathing.
You are somewhat resistant to further mutation.
Your muscles are strong. (Str +2)


Message History

The orc warrior is almost dead.
You block the orc warrior's attack. The quokka barely misses you.
You hit the orc warrior but do no damage.
The orc warrior is almost dead.
The orc warrior barely misses you. The quokka misses you.
You completely miss the orc warrior.
The orc warrior is almost dead.
Gastronok's eyestalks stretch out, then return to normal size.
The quokka barely misses you.
Drink blood from an orc corpse? (ye/n/q)
Okay, then.
As you read the scroll of teleportation, it crumbles to dust.
You feel strangely unstable. You block the orc warrior's attack.
The quokka closely misses you.
You hit the orc warrior but do no damage.
Your bite misses the orc warrior.
The orc warrior is almost dead.
The orc warrior hits you with a glaive! You block the quokka's attack.
Gastronok bites you!!
You die...

#.........### #......####
###########...#### #
##.....#.........#### #
#......#............## #
##....................##
.....#..r###...#)......#
.......wor.#.).wb...=..##
.#######@#######b.......#
#.........##..........
##$...%..##...........
##.....##............
##...##.............
##.##..............
###...............
.............


You could see Gastronok, an orc warrior, a river rat and a quokka.

Vanquished Creatures
  The ghost of Amaterasu the Slicer, a novice KoGl (D:6)
  Pikel (D:5)
  An oklob plant (D:7)
  Prince Ribbit (D:8)
  A hippogriff (D:7)
  Sigmund (D:2)
  The ghost of Flooderbenga the Vexing, an amateur VSAM of Gozag (D:4)
  2 steam dragons (D:7)
  A water moccasin (D:9)
  An orc warrior (D:10)
  3 ice beasts
  A slave (D:5)
  2 sky beasts
  2 wolves (D:9)
  3 ogres
  4 phantoms
  2 centaurs
  5 bullfrogs
  A big kobold (D:8)
  4 scorpions
  3 killer bees (D:10)
  3 wights (D:8)
  A crimson imp (D:7)
  A howler monkey (D:10)
  2 bullfrog zombies
  2 jellies (D:5)
  3 hounds
  6 orc priests
  3 centaur skeletons
  8 orc wizards
  An iguana (D:7)
  4 worker ants
  2 hound zombies
  2 hound skeletons
  Robin (D:2)
  7 river rats
  17 adders
  A shadow imp (D:7)
  An ooze (D:2)
  An adder zombie (D:5)
  2 worms
  A dart slug (D:3)
  4 leopard geckos
  18 orcs
  10 bats
  5 giant cockroaches
  19 goblins
  10 hobgoblins
  5 quokkas
  17 ball pythons
  5 frilled lizards
  A jackal skeleton (D:7)
  13 kobolds
  30 rats
247 creatures vanquished.

Vanquished Creatures (others)
  2 slaves (D:5)
  A centaur (D:5)
  A howler monkey (D:5)
  An adder (D:5)
  An adder zombie (D:5)
  A quokka (D:5)
7 creatures vanquished.

Grand Total: 254 creatures vanquished

Notes
Turn   | Place    | Note
-------+----------+-------------------------------------------
     0 | D:1      | dohliylev the Vampire Enchanter began the quest for the Orb.
     0 | D:1      | Reached XP level 1. HP: 13/13 MP: 3/3
   229 | D:1      | Reached skill level 5 in Stealth
   314 | D:1      | Reached XP level 2. HP: 19/19 MP: 5/5
   318 | D:1      | Learned a level 2 spell: Ensorcelled Hibernation
   730 | D:2      | Reached skill level 6 in Stealth
   902 | D:2      | Noticed Sigmund
   946 | D:2      | Reached XP level 3. HP: 24/24 MP: 6/6
   951 | D:2      | Learned a level 3 spell: Confuse
  1002 | D:2      | Killed Sigmund
  1002 | D:2      | Reached skill level 9 in Stealth
  1002 | D:2      | Reached XP level 4. HP: 30/30 MP: 7/7
  1002 | D:2      | Reached XP level 5. HP: 35/35 MP: 8/8
  1125 | D:2      | Noticed Robin
  1463 | D:2      | Killed Robin
  2514 | D:3      | Reached XP level 6. HP: 41/41 MP: 6/9
  2645 | D:3      | Noticed an ice beast
  2664 | D:3      | Killed an ice beast
  2780 | D:3      | Reached skill level 5 in Dodging
  3186 | D:3      | Found a stormy altar of Qazlal.
  3196 | D:3      | Found a shimmering altar of Xom.
  3441 | D:4      | Reached XP level 7. HP: 30/46 MP: 2/10
  3688 | D:4      | Noticed Flooderbenga's ghost (amateur VSAM)
  3780 | D:4      | Killed Flooderbenga's ghost
  3780 | D:4      | Reached skill level 5 in Short Blades
  4109 | D:5      | Entered Level 5 of the Dungeon
  4109 | D:5      | Noticed Pikel
  4115 | D:5      | Killed Pikel
  4115 | D:5      | Reached XP level 8. HP: 52/52 MP: 11/11
  4140 | D:5      | Found Pist's Magic Scroll Boutique.
  4141 | D:5      | Found a staircase to the Ecumenical Temple.
  4144 | D:5      | Bought a scroll of identify for 24 gold pieces
  4144 | D:5      | Bought a scroll of enchant weapon for 90 gold pieces
  4154 | Temple   | Entered the Ecumenical Temple
  4417 | Temple   | Became a worshipper of Nemelex Xobeh the Trickster
  4605 | D:5      | Received a gift from Nemelex Xobeh
  4655 | D:5      | Found Ynue's Distillery.
  4670 | D:5      | Gained mutation: You are partially covered in slimy green scales. (AC +2) [potion of mutation]
  4670 | D:5      | Gained mutation: You have a somewhat thin skeletal structure. (Dex +2, Stealth) [potion of mutation]
  4670 | D:5      | Gained mutation: You evolve. [potion of mutation]
  4673 | D:5      | Lost mutation: You evolve. [potion of mutation]
  4673 | D:5      | Lost mutation: You are partially covered in slimy green scales. (AC +2) [potion of mutation]
  4673 | D:5      | Gained mutation: You are frail. (-10% HP) [potion of mutation]
  4673 | D:5      | Gained mutation: Your muscles are strong. (Str +2) [potion of mutation]
  4673 | D:5      | Gained mutation: You have a pair of small antennae on your head. [potion of mutation]
  4673 | D:5      | Gained mutation: Your spells are a little harder to cast, but a little more powerful. [potion of mutation]
  4716 | D:5      | Found Ytsiat's Antique Weapon Shoppe.
  4971 | D:5      | Found Doiceosk's Antique Armour Shoppe.
  5033 | D:5      | Found Taax's Antique Weapon Emporium.
  5247 | D:6      | Noticed Amaterasu's ghost (novice KoGl)
  5270 | D:6      | Killed Amaterasu's ghost
  5270 | D:6      | Reached XP level 9. HP: 25/51 MP: 2/13
  5379 | D:6      | Found a glowing drain.
  5388 | Sewer    | Entered a sewer
  5989 | Sewer    | Reached skill level 1 in Fighting
  6389 | D:6      | Reached * piety under Nemelex Xobeh
  6483 | D:7      | Found an opulent altar of Gozag.
  6579 | D:7      | Found a white marble altar of Elyvilon.
  6687 | D:7      | Reached skill level 5 in Fighting
  6786 | D:7      | Reached skill level 10 in Stealth
  6800 | D:7      | Found a radiant altar of Vehumet.
  6801 | D:7      | Noticed an oklob plant
  6823 | D:7      | Killed an oklob plant
  6823 | D:7      | Reached skill level 11 in Stealth
  6841 | D:7      | Found an ornate altar of the Wu Jian Council.
  6872 | D:7      | Reached XP level 10. HP: 66/66 MP: 2/14
  6888 | D:7      | Found a burning altar of Makhleb.
  6892 | D:7      | Lost mutation: You have a pair of small antennae on your head. [potion of mutation]
  6892 | D:7      | Lost mutation: You are frail. (-10% HP) [potion of mutation]
  6892 | D:7      | Lost mutation: You have a somewhat thin skeletal structure. (Dex +2, Stealth) [potion of mutation]
  6892 | D:7      | Lost mutation: Your spells are a little harder to cast, but a little more powerful. [potion of mutation]
  6892 | D:7      | Gained mutation: You are somewhat resistant to further mutation. [potion of mutation]
  6903 | D:7      | Fell from the grace of Nemelex Xobeh
  6903 | D:7      | Became a worshipper of Makhleb the Destroyer
  7271 | D:7      | Reached skill level 1 in Shields
  7731 | D:8      | Noticed a dagger
  7732 | D:8      | Noticed a hand axe
  7741 | D:8      | Found a hide-covered altar of Uskayaw.
  7881 | D:8      | Found Baberixee's Food Boutique.
  7906 | D:8      | Noticed Prince Ribbit
  7911 | D:8      | Found a hazy altar of Hepliaklqana.
  7913 | D:8      | Killed Prince Ribbit
  8141 | D:8      | Found a snail-covered altar of Cheibriados.
  8259 | D:9      | Noticed Grum
  8259 | D:9      | Noticed Gastronok
  8304 | D:10     | Entered Level 10 of the Dungeon
  8411 | D:10     | Reached * piety under Makhleb
  8966 | D:10     | Noticed an angel
  8966 | D:10     | Noticed an angel
  8966 | D:10     | Noticed a daeva
  8966 | D:10     | Noticed an angel
  9043 | D:9      | Noticed Joseph
  9430 | D:9      | Slain by Gastronok

Skill      XL: |  1  2  3  4  5  6  7  8  9 10 |
---------------+-------------------------------+-----
Stealth        | 5 6 9 11 | 11.7
Dodging        | 3 5 8 |  8.1
Short Blades   | 3 5 |  5.1
Hexes          | 8 9 |  9.2
Invocations    | 6 |  6.4
Fighting       | 5 |  5.2
Shields        | 4 |  4.2
Spellcasting   | |  2.0
Ice Magic      | |  0.4

Action                   |  1- 3 |  4- 6 |  7- 9 | 10-12 || total
-------------------------+-------+-------+-------+-------++-------
Melee: Dagger            |    63 |   157 |    22 |       ||   242
       Bite              |     4 |    18 |    19 |    20 ||    61
       Short sword       |       |       |   212 |   162 ||   374
 Cast: Ensorcelled Hiber |     9 |    53 |    70 |    47 ||   179
       Confuse           |     1 |     9 |    18 |     8 ||    36
       Corona            |       |       |     5 |     1 ||     6
 Abil: End Transformatio |       |       |     4 |     1 ||     5
       Bat Form          |       |       |     4 |     1 ||     5
  Use: Potion            |       |     1 |     3 |     6 ||    10
       Scroll            |       |       |    11 |     7 ||    18
 Stab: Sleeping          |    14 |    41 |    61 |    34 ||   150
       Confused          |     1 |     5 |    12 |     6 ||    24
       Distracted        |       |       |     1 |       ||     1
  Eat: Corpse            |     4 |     9 |    15 |     5 ||    33
Armor: Robe              |     5 |    22 |    68 |    41 ||   136
Dodge: Dodged            |    24 |    88 |   243 |   148 ||   503
Block: Buckler           |       |       |       |    60 ||    60
